 Dungeon Crawl Stone Soup version 0.24-a0-107-g431b8d2fe3 (webtiles) character file.

Game seed: 3293977046257194092

13708 Hercules1031 the Blocker (level 11, -7/101 HPs)
             Began as a Minotaur Fighter on Feb 14, 2019.
             Was a Priest of Ashenzari.
             Killed from afar by Jorgrun (26 damage)
             ... with a blast of rock fragments
             ... on level 1 of the Orcish Mines.
             The game lasted 00:32:20 (9644 turns).

Hercules1031 the Blocker (Minotaur Fighter)         Turns: 9644, Time: 00:32:22

Health: -7/101     AC: 17    Str: 28    XL:     11   Next: 79%
Magic:  10/10      EV:  6    Int:  5    God:    Ashenzari [***...]
Gold:   914        SH: 25    Dex: 11    Spells: 10/10 levels left

rFire    . . .     SeeInvis +   B - +7 flail of the Sneaky Spirits {elec, rC+} (curse)
rCold    + . .     Gourm    .   A - +5 large shield (curse)
rNeg     + . .     Faith    .   o - +0 plate armour (curse)
rPois    .         Spirit   .   (helmet restricted)
rElec    .         Reflect  .   m - +1 cloak {MR+} (curse)
rCorr    .         Harm     .   (no gloves)
MR       +....                  (no boots)
Stlth    ..........             (no amulet)
HPRegen  0.26/turn              q - ring of stealth
MPRegen  0.12/turn              u - ring of positive energy

@: mighty, grasped by roots, constricted
A: retaliatory headbutt, horns 2
a: Curse Item, Scrying, Renounce Religion


You were on level 1 of the Orcish Mines.
You worshipped Ashenzari.
Ashenzari was most pleased with you.
You were not hungry.

You visited 3 branches of the dungeon, and saw 12 of its levels.

You collected 914 gold pieces.

Inventory:

Hand Weapons
 a - a +2 war axe
 B - the cursed +7 flail of the Sneaky Spirits (weapon) {elec, rC+}
   (You found it on level 9 of the Dungeon)

   Occasionally, upon striking a foe, it will discharge some electrical energy
   and cause terrible harm.
   It protects you from cold.
   It has a curse placed upon it.
 C - a +0 dire flail
 G - a +0 great mace
Armour
 b - a +0 scale mail
 c - a +0 shield
 l - a +0 helmet
 m - a cursed +1 cloak of magic resistance (worn)
 o - a cursed +0 plate armour (worn)
 y - a +1 helmet
 A - a cursed +5 large shield (worn)
Jewellery
 e - an uncursed ring of protection from fire
 k - an uncursed amulet of the gourmand
 n - an uncursed ring of protection from magic
 q - a ring of stealth (left hand)
 u - a ring of positive energy (right hand)
 x - an uncursed ring of fire
Wands
 g - a wand of iceblast (14)
 p - a wand of clouds (5)
 r - a wand of enslavement (7)
 s - a wand of flame (32)
 F - a wand of polymorph (23)
Scrolls
 i - 3 scrolls of remove curse
 j - 3 scrolls of teleportation
 t - 3 scrolls of magic mapping
 v - 7 scrolls of identify
 z - a scroll of amnesia
Potions
 d - a potion of might
 h - 2 potions of cancellation
 w - a potion of curing
 D - a potion of mutation {unknown}
 E - a potion of ambrosia {unknown}
Comestibles
 f - 19 rations


   Skills:
 + Level 10.8 Fighting
 - Level 8.9(9.6) Axes
 + Level 5.7(10.2) Maces & Flails
 + Level 10.8 Armour
 + Level 9.3 Dodging
 + Level 10.9(12.6) Shields


You had 10 spell levels left.
You didn't know any spells.
Your spell library contained the following spells:

 Spells                   Type           Power        Failure   Level  Hunger
 Confusing Touch          Hex            #.....       100%        1    ##.....
 Magic Dart               Conj           #...         100%        1    ##.....
 Blink                    Tloc           N/A          100%        2    ###....
 Call Imp                 Summ           #.......     100%        2    ###....
 Searing Ray              Conj           #.....       100%        2    ###....
 Slow                     Hex            #.......     100%        2    ###....
 Confuse                  Hex            #.......     100%        3    ####...
 Conjure Flame            Conj/Fire      #.......     100%        3    ####...
 Dazzling Spray           Conj/Hex       #.....       100%        3    ####...
 Gell's Gravitas          Tloc           #.........   100%        3    ####...
 Mephitic Cloud           Conj/Pois/Air  #.......     100%        3    ####...
 Force Lance              Conj/Tloc      #.......     100%        4    #####..
 Fulminant Prism          Conj/Hex       #.........   100%        4    #####..
 Iskenderun's Mystic Bla  Conj           #.......     100%        4    #####..
 Petrify                  Tmut/Erth      #.......     100%        4    #####..
 Metabolic Englaciation   Hex/Ice        #.........   100%        5    ######.
 Yara's Violent Unravell  Hex/Tmut       #.........   100%        5    ######.


Dungeon Overview and Level Annotations

Branches:
Dungeon (10/15)            Temple (1/1) D:5             Orc (1/2) D:10
   Lair: D:8-11

Altars:
Ashenzari
Cheibriados
Dithmenos
Elyvilon
Fedhas
Gozag
Hepliaklqana
Kikubaaqudgha
Makhleb
Nemelex Xobeh
Okawaru
Qazlal
Ru
Sif Muna
Trog
Uskayaw
Vehumet
Wu Jian
Xom
Yredelemnul
Zin
The Shining One
Beogh

Shops:
D:5 (   D:7 *   Orc:1 [

Annotations:
Orc:1 Jorgrun


Innate Abilities, Weirdness & Mutations

You reflexively headbutt those who attack you in melee.
You have a pair of horns on your head.


Message History

The orc knight hits you with a +0 war axe!
* * * LOW HITPOINT WARNING * * *
You block the orc wizard's attack. You block the orc's attack.
You block Jorgrun's attack.
* * * LOW HITPOINT WARNING * * *
The grasping roots constrict you!
You feel very mighty all of a sudden. You block the orc wizard's attack.
You block the orc knight's attack. The orc hits you but does no damage.
The orc wizard hits you but does no damage.
You block Jorgrun's attack.
* * * LOW HITPOINT WARNING * * *
The grasping roots constrict you.
You thump the orc knight! You headbutt the orc knight.
The orc knight is severely wounded.
You block the orc wizard's attack. The orc hits you but does no damage.
You block the orc knight's attack.
Jorgrun points at you and mumbles some strange words.
The wall shatters!
The blast of rock fragments hits you!!
You die...

..#.........#....#
*, ,
..................
..................
, , ...........
.....#* , , ,
..........# ......*
,
..........##.....#*
*#.....o.....#..#
#.....[og....# *
#....#.@o...####
##. *##.#...##.## ,
** ##...##...# *
##.#..##...##
#...........# *
##..#.##...##
##....###....###
#......###.....###
##.......#.......##


You could see Jorgrun, an orc knight, an orc wizard and an orc.

Vanquished Creatures
  An ettin (Orc:1)
  An ogre mage (Orc:1)
  Harold (Orc:1)
  5 two-headed ogres
  Nergalle (Orc:1)
  Maurice (D:8)
  4 trolls
  The ghost of Raymar the Magician, an amateur HuWz of Sif Muna (D:5)
  3 hippogriffs
  Sigmund (D:2)
  3 yaks (D:10)
  A wyvern (D:10)
  The ghost of hemabe the Charlatan, an amateur HuAr (D:3)
  Edmund (D:4)
  2 water moccasins (D:9)
  A black bear (D:9)
  2 ice beasts
  8 orc warriors
  A sky beast (D:10)
  An eye of draining (D:8)
  7 ogres
  3 phantoms
  A big kobold (D:8)
  2 centaurs (D:10)
  6 bullfrogs
  A wyvern zombie (D:5)
  3 scorpions
  4 killer bees (D:6)
  A howler monkey (D:6)
  A crimson imp (D:7)
  2 bullfrog zombies (D:5)
  2 centaur skeletons
  2 hounds
  4 jellies
  A bullfrog skeleton (D:5)
  9 orc priests
  11 orc wizards
  2 iguanas (D:6)
  4 worker ants
  A hound skeleton (D:10)
  Robin (D:2)
  4 worker ant zombies
  4 adders
  4 shadow imps
  An ooze (D:4)
  3 adder zombies
  An adder skeleton (D:9)
  A dart slug (D:1)
  3 leopard geckos
  61 orcs
  7 giant cockroaches
  17 goblins
  12 hobgoblins
  10 jackals
  4 kobolds
  4 quokkas
  2 ball pythons
  A ball python skeleton (D:4)
  4 bats
  4 frilled lizards
  A leopard gecko skeleton (D:4)
  2 quokka skeletons
  10 rats
268 creatures vanquished.

Vanquished Creatures (collateral kills)
  2 orcs (D:7)
2 creatures vanquished.

Grand Total: 270 creatures vanquished

Notes
Turn   | Place    | Note
-------+----------+-------------------------------------------
     0 | D:1      | Hercules1031 the Minotaur Fighter began the quest for the
                  | Orb.
     0 | D:1      | Reached XP level 1. HP: 19/19 MP: 0/0
   167 | D:1      | Reached XP level 2. HP: 21/27 MP: 1/1
   453 | D:1      | Reached skill level 1 in Dodging
   767 | D:2      | Noticed Sigmund
   771 | D:2      | Reached XP level 3. HP: 33/33 MP: 2/2
   777 | D:2      | Killed Sigmund
   777 | D:2      | Reached XP level 4. HP: 32/41 MP: 3/3
   777 | D:2      | Reached XP level 5. HP: 37/47 MP: 4/4
   891 | D:2      | Noticed Robin
   904 | D:2      | Killed Robin
  1002 | D:2      | Found a bloodstained altar of Trog.
  1002 | D:2      | Found a stormy altar of Qazlal.
  1726 | D:3      | Reached XP level 6. HP: 55/55 MP: 5/5
  1802 | D:3      | Found a runed translucent door.
  1803 | D:3      | Noticed hemabe's ghost (amateur HuAr)
  1887 | D:3      | Killed hemabe's ghost
  1887 | D:3      | Reached skill level 5 in Fighting
  1887 | D:3      | Reached skill level 5 in Armour
  1887 | D:3      | Reached skill level 5 in Shields
  2157 | D:4      | Found a shadowy altar of Dithmenos.
  2169 | D:4      | Noticed Edmund
  2186 | D:4      | Killed Edmund
  2186 | D:4      | Reached XP level 7. HP: 61/61 MP: 6/6
  2200 | D:4      | Found a sparkling altar of Nemelex Xobeh.
  2600 | D:5      | Entered Level 5 of the Dungeon
  2614 | D:5      | Reached skill level 5 in Axes
  2680 | D:5      | Found a staircase to the Ecumenical Temple.
  2694 | Temple   | Entered the Ecumenical Temple
  2778 | Temple   | Became a worshipper of Ashenzari the Shackled
  3108 | D:5      | Found a white marble altar of Elyvilon.
  3153 | D:5      | Found Ocomiq's Antique Weapon Shoppe.
  3369 | D:5      | Found a runed translucent gate.
  3369 | D:5      | Found a runed translucent gate.
  3369 | D:5      | Found a runed translucent gate.
  3374 | D:5      | Noticed Raymar's ghost (amateur HuWz)
  3436 | D:5      | Killed Raymar's ghost
  3438 | D:5      | Reached XP level 8. HP: 37/70 MP: 7/7
  4509 | D:6      | Reached skill level 5 in Dodging
  4606 | D:6      | Reached * piety under Ashenzari
  5091 | D:7      | Found Suopavy's Assorted Antiques.
  5092 | D:7      | Found a hazy altar of Hepliaklqana.
  5193 | D:7      | HP: 1/73 [orc warrior/+0 glaive (13)]
  5585 | D:7      | Reached XP level 9. HP: 78/79 MP: 8/8
  5827 | D:8      | Found a blossoming altar of Fedhas.
  5828 | D:8      | Found an ornate altar of the Wu Jian Council.
  5829 | D:8      | Found an iron altar of Okawaru.
  5830 | D:8      | Found a deep blue altar of Sif Muna.
  5854 | D:8      | Reached ** piety under Ashenzari
  5858 | D:8      | Noticed a two-headed ogre
  5869 | D:8      | Killed a two-headed ogre
  6044 | D:8      | Noticed Maurice
  6115 | D:8      | Killed Maurice
  6969 | D:9      | Noticed a troll
  6981 | D:9      | Killed a troll
  6981 | D:9      | Reached XP level 10. HP: 71/90 MP: 9/9
  7101 | D:9      | Noticed a +0 dagger
  7102 | D:9      | Noticed a +0 dagger
  7103 | D:9      | Found a hide-covered altar of Uskayaw.
  7233 | D:9      | Noticed a two-headed ogre
  7251 | D:9      | Killed a two-headed ogre
  7881 | D:9      | Found a snail-covered altar of Cheibriados.
  7912 | D:9      | Identified the +7 flail of the Sneaky Spirits {elec, rC+}
  8119 | D:10     | Entered Level 10 of the Dungeon
  8194 | D:10     | Reached skill level 1 in Maces & Flails
  8422 | D:10     | Found a staircase to the Orcish Mines.
  8851 | D:10     | Reached XP level 11. HP: 78/99 MP: 10/10
  8906 | Orc:1    | Entered Level 1 of the Orcish Mines
  8906 | Orc:1    | Reached *** piety under Ashenzari
  8922 | Orc:1    | Reached skill level 10 in Shields
  8940 | Orc:1    | Found Egganiomm's Antique Armour Shoppe.
  9291 | Orc:1    | Noticed an ettin
  9295 | Orc:1    | Killed an ettin
  9295 | Orc:1    | Reached skill level 10 in Fighting
  9295 | Orc:1    | Reached skill level 10 in Armour
  9298 | Orc:1    | Noticed Nergalle
  9305 | Orc:1    | Killed Nergalle
  9319 | Orc:1    | Found a roughly hewn altar of Beogh.
  9325 | Orc:1    | Noticed a two-headed ogre
  9326 | Orc:1    | Noticed an ogre mage
  9327 | Orc:1    | Noticed a two-headed ogre
  9327 | Orc:1    | Noticed a two-headed ogre
  9333 | Orc:1    | Killed an ogre mage
  9335 | Orc:1    | Killed a two-headed ogre
  9340 | Orc:1    | Killed a two-headed ogre
  9340 | Orc:1    | Reached skill level 5 in Maces & Flails
  9345 | Orc:1    | Killed a two-headed ogre
  9386 | Orc:1    | Noticed Harold
  9402 | Orc:1    | Killed Harold
  9622 | Orc:1    | Noticed an orc knight
  9626 | Orc:1    | Noticed Jorgrun
  9644 | Orc:1    | Killed from afar by Jorgrun

Levels and vault maps discovered:
D:1:      minmay_arrival_jagged, layout_loops_ring
D:2:      layout_loops_corners, gammafunk_temple_overflow_pools, uniq_robin,
          uniq_sigmund
D:3:      layout_rooms, ebering_ghost_reflecting_pool, first_ration
D:4:      layout_cave_pools, grunt_dithmenos_smoke_and_mirrors,
          nemelex_xobeh_ov_fountains_minmay, uniq_edmund
D:5:      layout_loops_ring, nicolae_overflow_hidden_temple,
          minmay_temple_entry_drinking_statues, serial_shops, shop,
          gammafunk_ghost_necromancy
D:6:      layout_basic
D:7:      layout_basic, serial_shops, shop, lemuel_altar_in_water
D:8:      layout_basic, chequers_temple_overflow_statue_of_worship,
          blue_anna_alchemist [blue_anna_fruit_fields, blue_anna_fruit_fields],
          uniq_maurice
D:9:      layout_irregular_city, dancing_weapons_uskayaw, basic_altar,
          feat_on_display
D:10:     layout_roguey, hiddenorc1_lemuel
Temple:   hc_temple_tempest_star
Orc:1:    layout_caves, serial_shops, shop,
          nicolae_shop_temple_entry_statues_fountains,
          nicolae_shop_behind_doors, portal_ice_cave_demonic_guard,
          mines1_david, uniq_jorgrun, uniq_harold, uniq_nergalle

Skill      XL: |  1  2  3  4  5  6  7  8  9 10 11 |
---------------+----------------------------------+-----
Dodging        | 1 2 3 4 5 6 8 9 |  9.3
Fighting       | 4 5 6 7 8 9 10 | 10.8
Axes           | 3 4 5 6 8 |  8.9
Armour         | 4 5 6 7 8 9 10 | 10.8
Shields        | 4 5 6 7 8 9 10 | 10.9
Maces & Flails | 3 5 |  5.7

Action                   |  1- 3 |  4- 6 |  7- 9 | 10-12 || total
-------------------------+-------+-------+-------+-------++-------
Melee: War axe           |    69 |   114 |   269 |    85 ||   537
       Headbutt          |     8 |    21 |    46 |    72 ||   147
       Flail             |       |       |       |   221 ||   221
Invok: Curse Item        |       |       |     4 |     2 ||     6
  Use: Scroll            |     3 |     2 |    15 |     1 ||    21
       Potion            |       |       |    10 |     3 ||    13
  Eat: Ration            |       |     2 |     4 |     3 ||     9
Armor: Scale mail        |    27 |    12 |       |       ||    39
       Plate armour      |       |    64 |   144 |    79 ||   287
Dodge: Dodged            |    17 |    36 |    58 |    56 ||   167
Block: Shield            |    34 |    71 |    50 |       ||   155
       Large shield      |       |       |   246 |   404 ||   650

Table legend:
 A = Non-vault XP
 B = Vault XP
 C = Vault XP percentage of total XP
 D = Non-vault monster count
 E = Vault monster count
 F = Vault count percentage of total count
                 A         B        C        D         E       F
            +---------+---------+-------+---------+---------+-------
      Total |   16020 |    3563 |  18.2 |     228 |      42 |  15.6
            +---------+---------+-------+---------+---------+-------
        D:1 |      38 |       0 |   0.0 |      21 |       0 |   0.0
        D:2 |      18 |     267 |  93.7 |      12 |      14 |  53.8
        D:3 |      66 |     178 |  73.0 |      25 |       1 |   3.8
        D:4 |     268 |     149 |  35.7 |      14 |       1 |   6.7
        D:5 |     114 |     399 |  77.8 |      12 |       5 |  29.4
        D:6 |     714 |       0 |   0.0 |      16 |       0 |   0.0
        D:7 |     788 |       0 |   0.0 |      28 |       0 |   0.0
        D:8 |    1684 |     552 |  24.7 |      13 |       2 |  13.3
        D:9 |    3211 |       0 |   0.0 |      30 |       0 |   0.0
       D:10 |    2687 |     190 |   6.6 |      23 |      17 |  42.5
      Orc:1 |    6432 |    1828 |  22.1 |      34 |       2 |   5.6
            +---------+---------+-------+---------+---------+-------
